 Dungeon Crawl Stone Soup version 0.28.0-47-ge53b351184 (webtiles) character file.

Game seed: 6993189708905058392

66 Eitelfritz the Slasher (level 3, 0/28 HPs)
             Began as a Demonspawn Gladiator on Apr 28, 2022.
             Succumbed to an adder's poison
             ... on level 2 of the Dungeon.
             The game lasted 00:02:53 (1674 turns).

Eitelfritz the Slasher (Demonspawn Gladiator)       Turns: 1674, Time: 00:02:54

Health: 0/28       AC:  3    Str: 16    XL:     3   Next: 96%
Magic:  3/3        EV: 12    Int:  9    God:
Gold:   66         SH:  0    Dex: 14    Spells: 2/2 levels left

rFire   . . .      SeeInvis .   a - +0 long sword
rCold   . . .      Faith    .   (no shield)
rNeg    . . .      Spirit   .   b - +0 leather armour
rPois   .          Reflect  .   (helmet restricted)
rElec   .          Harm     .   (no cloak)
rCorr   .          Rampage  .   (no gloves)
Will    .....                   (no boots)
Stlth   +.........              l - amulet of the acrobat
HPRegen 0.09/turn               (no ring)
MPRegen 0.16/turn               (no ring)

@: lethally poisoned (0 -> -6)
A: antennae 1, magic regeneration
a: no special abilities


You were on level 2 of the Dungeon.
You visited 1 branch of the dungeon, and saw 2 of its levels.

You collected 66 gold pieces.

Inventory:

Hand Weapons
 a - a +0 long sword (weapon)
Missiles
 d - 3 throwing nets (quivered)
 e - 5 poisoned darts
Armour
 b - a +0 leather armour (worn)
Jewellery
 j - a ring of magical power
 l - an amulet of the acrobat (around neck)
Scrolls
 f - a scroll of magic mapping {unknown}
 g - a scroll of identify {unknown}
 h - a scroll of fog {unknown}
 i - a scroll of enchant weapon {unknown}
 m - a scroll of amnesia {unknown}
Potions
 c - a potion of invisibility {unknown}
 k - a potion of brilliance {unknown}


   Skills:
 + Level 2.4 Fighting
 + Level 3.6 Long Blades
 + Level 1.8 Throwing
 + Level 0.8 Armour
 + Level 3.2 Dodging
 + Level 0.1 Stealth


You had 2 spell levels left.
You didn't know any spells.
Your spell library contained the following spells:

 Spells                   Type           Power      Damage    Failure   Level
 Blink                    Tloc           0%         N/A       58%         2
 Dazzling Flash           Conj/Hex       0%         N/A       83%         3
 Iskenderun's Mystic Bla  Conj/Tloc      0%         2d3       99%         4
 Manifold Assault         Tloc           0%         N/A       100%        5
 Starburst                Conj/Fire      0%         6d3       100%        6
 Storm Form               Tmut/Air       0%         N/A       100%        7


Dungeon Overview and Level Annotations

Branches:
Dungeon (2/15)

Altars:


Innate Abilities, Weirdness & Mutations

You have a pair of small antennae on your head.
You regenerate magic rapidly.


Message History

You feel sick.
You are no longer poisoned.
The adder closely misses you. The adder misses you.
You closely miss the adder.
The adder is heavily wounded.
The adder bites you.
You hit the adder.
The adder is severely wounded.
The adder bites you.
* * * LOW HITPOINT WARNING * * *
The adder misses you.
You closely miss the adder.
The adder is severely wounded.
The adder bites you but does no damage. The adder completely misses you.
You miss the adder.
The adder is severely wounded.
The adder bites you.
* * * LOW HITPOINT WARNING * * *
You hit the adder but do no damage.
The adder is severely wounded.
The adder bites you but does no damage. The adder bites you.
* * * LOW HITPOINT WARNING * * *
You miss the adder.
The adder is severely wounded.
The adder misses you.
You barely miss the adder.
The adder is severely wounded.
The adder bites you but does no damage. The adder barely misses you.
You hit the adder.
The adder is almost dead.
The adder barely misses you. The adder closely misses you.
You closely miss the adder.
The adder is almost dead.
The adder bites you.
* * * LOW HITPOINT WARNING * * *
You are lethally poisoned!
The adder poisons you!
You barely miss the adder.
The adder is almost dead.
You die...

.# #... #.. ...##.#... . .#
.###...###.. #.##.##.. ##.#
...........# #........ ...
..?.......# #........ ..#
........$#####.......# ..#
#...###...##........# ..#
#... #.............# ..#
.###...###......#....... <##
.......@S..##........... .###
####...######.###.......
......
..>....######.###.......
.####.
##..............#.......
.<... #.......##...#.........
####. #...>......#####.......
#
...#.##.......########.......
# #....#....[...# #..........
#
#......#.....######>.........


You could see an adder.

Vanquished Creatures
  An adder (D:2)
  2 dart slugs
  4 ball pythons (D:1)
  6 endoplasms
  3 giant cockroaches (D:1)
  4 goblins (D:1)
  8 hobgoblins
  4 jackals (D:1)
  3 kobolds (D:1)
  A quokka (D:1)
  3 bats (D:1)
  A frilled lizard (D:1)
  6 rats
46 creatures vanquished.

Notes
Turn   | Place    | Note
-------+----------+-------------------------------------------
     0 | D:1      | Eitelfritz the Demonspawn Gladiator began the quest for the
                  | Orb.
     0 | D:1      | Reached XP level 1. HP: 16/16 MP: 1/1
   269 | D:1      | Gained mutation: You regenerate magic rapidly. [demonic
                  | ancestry]
   269 | D:1      | Reached XP level 2. HP: 21/22 MP: 2/2
   599 | D:1      | Discovered your monstrous ancestry.
   599 | D:1      | Gained mutation: You have a pair of small antennae on your
                  | head. [demonic ancestry]
   599 | D:1      | Reached XP level 3. HP: 21/27 MP: 3/3
  1486 | D:2      | Found a faded altar of an unknown god.
  1486 | D:2      | Noticed an Ice Fiend
  1674 | D:2      | Succumbed to an adder's poison

Illustrated notes

Levels and vault maps discovered:
D:1:      evilmike_arrival_plus, layout_basic, minmay_three_crescents
D:2:      layout_rooms, dreamdust_ecumenical_altar_sealed_demon,
          minmay_misc_feat_cross

Skill      XL: |  1  2 |
---------------+-------+-----
Long Blades    | 3 |  3.6
Dodging        | 3 |  3.2
Fighting       | |  2.4
Throwing       | |  1.8
Armour         | |  0.8
Stealth        | |  0.1

Action                   || total
-------------------------++-------
Melee: Long sword        ||   158
Armor: Leather armour    ||    55
Dodge: Dodged            ||   117
